 Dungeon Crawl Stone Soup version 0.29.0-11-gd7f09526c8 (webtiles) character file.

Game seed: 3816555513486519134

26 greasedhog the Cudgeller (level 3, -5/49 HPs)
             Began as a Meteoran Berserker on Sept 6, 2022.
             Was a Follower of Trog.
             Slain by a gnoll
             ... wielding a +0 halberd of venom
              (13 damage)
             ... on level 2 of the Dungeon.
             The game lasted 00:00:49 (188 turns).

greasedhog the Cudgeller (Meteoran Berserker)        Turns: 188, Time: 00:00:50

Health: -5/49      AC:  2    Str: 20    XL:     3   Next: 41%
Magic:  4/4        EV: 12    Int:  9    God:    Trog [*.....]
Gold:   27         SH:  0    Dex: 13    Spells: 2/2 levels left

rFire   . . .      SeeInvis .   a - +0 mace
rCold   . . .      Faith    .   (no shield)
rNeg    . . .      Spirit   .   b - +0 animal skin
rPois   .          Reflect  .   (no helmet)
rElec   .          Harm     .   (no cloak)
rCorr   .          Rampage  .   (no gloves)
Will    .....                   (no boots)
Stlth   ..........              (no amulet)
HPRegen 0.16/turn               (no ring)
MPRegen 0.09/turn               (no ring)

@: berserking (expiring), lethally poisoned (-5 -> -10), glowing, very quick
A: sense surroundings 1, otherworldly, glowing, explore regen
a: Renounce Religion, Berserk


You were on level 2 of the Dungeon.
You worshipped Trog.
Trog was aware of your devotion.
You visited 1 branch of the dungeon, and saw 2 of its levels.

You collected 27 gold pieces.

Inventory:

Hand Weapons
 a - a +0 mace (weapon)
Armour
 b - a +0 animal skin (worn)


   Skills:
 * Level 4.0 Fighting
 * Level 4.8 Maces & Flails
 - Level 2.4 Armour
 - Level 2.4 Dodging


You had 2 spell levels left.
You didn't know any spells.
Your spell library was empty.

Dungeon Overview and Level Annotations

Branches:
Dungeon (2/15) Zot: 1010

Altars:


Innate Abilities, Weirdness & Mutations

You passively map a small area around you.
You are easily found by Zot.
You glow in the dark.
You regain HP and MP as you explore.


Message History

The gnoll shouts!
The gnoll hits the plant with a +0 spear!
The plant begins to die.
The gnoll hits the plant with a +0 spear!
Something completely misses the plant.
A red film seems to cover your vision as you go berserk!
You feel yourself moving faster!
You feel mighty!
The gnoll hits you from afar with a +0 spear!
You feel a strong urge to attack something.
The gnoll hits you with a +0 spear!
You sock the gnoll!
The gnoll is severely wounded.
The gnoll barely misses you.
You sock the gnoll!
You kill the gnoll!
Trog accepts your kill.
You barely miss the gnoll. You hit the gnoll.
The gnoll is moderately wounded.
The gnoll hits you with a +0 club. The gnoll hits you but does no damage.
You are poisoned.
You sock the gnoll!
You kill the gnoll!
Trog accepts your kill.
You feel sick. The gnoll closely misses you.
Your Fighting skill increases to level 4!
You have reached level 3!
Your experience leads to an increase in your attributes!
Increase (S)trength, (I)ntelligence, or (D)exterity?
You feel stronger. x2; You feel clever.
You feel sick.
Items here: )) ††.
You closely miss the gnoll.
You feel sick.
The gnoll hits you from afar with a +0 spear!
The gnoll closely misses you.
You closely miss the gnoll.
You feel sick.
The gnoll hits you from afar with a +0 spear!
* * * LOW HITPOINT WARNING * * *
The gnoll hits you with a +0 halberd of venom!
You die...

^# # * ########.#.# ,
#........#.# *
#...<......# *, , *
#........#.., ,, * ,
####........#* * * , , *
............# , P *
####.......##########....
, * .
+............@gg...P.. ##
#.......########...P.. ,
#.......# * ..... ,
######### * ..PP , ... *
.# ** #


You could see 2 gnolls.

Vanquished Creatures
  2 gnolls (D:2)
  A bat (D:2)
  A goblin (D:1)
  A hobgoblin (D:1)
  A frilled lizard (D:1)
  2 rats
8 creatures vanquished.

Vanquished Creatures (others)
  A plant (D:2)
1 creature vanquished.

Grand Total: 9 creatures vanquished

Notes
Turn   | Place    | Note
-------+----------+-------------------------------------------
     0 | D:1      | greasedhog the Meteoran Berserker began the quest for the
                  | Orb.
     0 | D:1      | Reached XP level 1. HP: 19/19 MP: 2/2
   100 | D:2      | Reached XP level 2. HP: 26/26 MP: 3/3
   186 | D:2      | Reached XP level 3. HP: 25/33 MP: 4/4
   188 | D:2      | Slain by a gnoll

Illustrated notes

Levels and vault maps discovered:
D:1:      eino_arrival_cavern_d, layout_basic,
          shapermc_ecumenical_altar_mp_highgroup
D:2:      layout_basic, chequers_serial_rivers_small_b, nicolae_grassy_gnolls

Skill      XL: |  1  2 |
---------------+-------+-----
Fighting       | 4 |  4.0
Maces & Flails | |  4.8
Armour         | |  2.4
Dodging        | |  2.4

Action                   || total
-------------------------++-------
Melee: Mace              ||    22
Invok: Berserk           ||     1
  Use: Scroll            ||     1
Armor: Animal skin       ||     3
Dodge: Dodged            ||    14
